 Dungeon Crawl Stone Soup version 0.29.1-15-g9cfb28693d (webtiles) character file.

Game seed: 8033051767194439674

13129 protoss039 the Fighter (level 11, -2/89 HPs)
             Began as a Demonspawn Earth Elementalist on Feb 28, 2023.
             Was an Elder of Vehumet.
             Slain by a slime creature (13 damage)
             ... on level 11 of the Dungeon.
             The game lasted 00:22:09 (10596 turns).

protoss039 the Fighter (DsEE)                      Turns: 10596, Time: 00:22:10

Health: -2/89      AC:  5    Str: 10    XL:     11   Next: 71%
Magic:  0/23       EV: 11    Int: 26    God:    Vehumet [****..]
Gold:   110        SH:  5    Dex: 13    Spells: 18/27 levels left

rFire   . . .      SeeInvis .   F - +2 short sword (venom)
rCold   . . .      Faith    .   j - +0 buckler
rNeg    . . .      Spirit   +   N - +0 acid dragon scales
rPois   +          Reflect  .   (no helmet)
rElec   .          Harm     .   I - +0 cloak
rCorr   +          Rampage  .   (no gloves)
Will    .....                   A - +0 pair of boots
Stlth   ++........              x - amulet of regeneration
HPRegen 1.04/turn               R - ring of poison resistance
MPRegen 0.36/turn               v - +6 ring of intelligence

@: about to teleport, corroded
A: magic shield, magic regeneration, magic link, sturdy frame 1, demonic magic 2
a: Renounce Religion


You were on level 11 of the Dungeon.
You worshipped Vehumet.
Vehumet was greatly pleased with you.
You visited 2 branches of the dungeon, and saw 13 of its levels.

You collected 586 gold pieces.
You spent 476 gold pieces at shops.

Inventory:

Hand Weapons
 t - the +5 whip "Ofeunach" {vorpal, rCorr Int+2}
   (You found it on level 6 of the Dungeon)

   It inflicts extra damage upon your enemies.
   Int:       It affects your intelligence (+2).
   rCorr:     It protects you from acid and corrosion.
 F - a +2 short sword of venom (weapon)
Missiles
 S - a throwing net
Armour
 j - a +0 buckler (worn)
 A - a +0 pair of boots (worn)
 I - a +0 cloak (worn)
 N - +0 acid dragon scales (worn)
 W - a +2 robe of cold resistance
Jewellery
 f - a ring of wizardry
 r - a ring of resist corrosion
 v - a +6 ring of intelligence (right hand)
 x - an amulet of regeneration (around neck)
 G - an amulet of reflection
 R - a ring of poison resistance (left hand)
 T - a ring of ice
Wands
 a - a wand of roots (9)
 w - a wand of flame (51)
 L - a wand of charming (7)
 P - a wand of mindburst (13)
Scrolls
 g - a scroll of identify
 l - 5 scrolls of enchant armour
 m - 4 scrolls of enchant weapon
 n - a scroll of fear
 o - 3 scrolls of magic mapping
 p - 2 scrolls of fog {unknown}
 q - 7 scrolls of teleportation
 u - 2 scrolls of blinking {unknown}
 y - a scroll of silence {unknown}
 H - 2 scrolls of vulnerability {unknown}
 J - a scroll of amnesia {unknown}
 K - a scroll of torment {unknown}
 M - a scroll of summoning {unknown}
 O - a scroll of poison {unknown}
Potions
 b - 3 potions of magic
 d - 2 potions of flight
 e - 4 potions of heal wounds
 h - 2 potions of resistance {unknown}
 i - 4 potions of might
 k - 3 potions of cancellation {unknown}
 s - 2 potions of attraction {unknown}
 z - a potion of experience {unknown}
 B - 3 potions of haste
 C - 2 potions of lignification {unknown}
 D - 2 potions of berserk rage {unknown}
 E - 5 potions of brilliance
 Q - 2 potions of degeneration {unknown}
 U - 2 potions of curing
 V - a potion of mutation


   Skills:
 + Level 9.2 Fighting
 - Level 3.0 Armour
 - Level 1.7 Dodging
 - Level 1.7 Stealth
 + Level 4.4 Shields
 + Level 8.8 Spellcasting
 + Level 7.3 Conjurations
 - Level 0.8 Transmutations
 - Level 3.0 Fire Magic
 + Level 9.0 Earth Magic


You had 18 spell levels left.
You knew the following spells:

 Your Spells              Type           Power      Damage    Failure   Level
a - Sandblast             Erth           100%       2d20      1%          1
b - Passwall              Tmut/Erth      30%        N/A       1%          2
c - Stone Arrow           Conj/Erth      100%       3d13      1%          3
d - Inner Flame           Hex/Fire       19%        N/A       3%          3

Your spell library contained the following spells:

 Spells                   Type           Power      Damage    Failure   Level
 Fulminant Prism          Conj/Hex       15%        3d11      4%          4
 Conjure Flame            Conj/Fire      38%        6-21      1%          3
 Sticky Flame             Conj/Fire      38%        2d6       2%          4
 Ignite Poison            Fire/Tmut/Pois 18%        N/A       4%          3
 Hailstorm                Conj/Ice       30%        3d8       4%          4
 Fireball                 Conj/Fire      19%        3d9       7%          5
 Petrify                  Tmut/Erth      37%        N/A       11%         4
 Starburst                Conj/Fire      19%        6d7       34%         6
 Ice Form                 Ice/Tmut       13%        N/A       54%         4
 Simulacrum               Ice/Necr       5%         N/A       100%        6
 Ignition                 Fire           13%        3d6       100%        8
 Chain Lightning          Conj/Air       15%        3d20      100%        9
 Fire Storm               Conj/Fire      19%        8d5       100%        9
 Shatter                  Erth           27%        3d23*     100%        9


Dungeon Overview and Level Annotations

Branches:
Dungeon (12/15) Zot: 26955  Temple (1/1) D:4 Zot: 5646    Lair (0/5) D:8
    Orc (0/2) D:12

Altars:
Ashenzari
Cheibriados
Dithmenos
Fedhas
Gozag
Hepliaklqana
Kikubaaqudgha
Makhleb
Nemelex Xobeh
Okawaru
Qazlal
Ru
Sif Muna
Trog
Uskayaw
Vehumet
Wu Jian
Xom
Yredelemnul

Shops:
D:1 [   D:5 [   D:11 !

Annotations:
D:11 3 runed translucent doors, Discosetron's ghost, journeyman SpHu


Innate Abilities, Weirdness & Mutations

When hurt, damage is shared between your health and your magic reserves.
You regenerate magic rapidly.
When low on magic, you restore magic in place of health.
Your movements are slightly less encumbered by armour. (ER -2)
Spells you cast may paralyse nearby enemies.


Message History

The splash of acid hits you! You resist.
A yak comes into view.
You hear a bellow! x3
Unknown command.
Unknown command.
Okay, then.
Casting: Stone Arrow (safe; 1% risk of failure)
Confirm with . or Enter, or press ? or * to list all spells.
Aiming: Stone Arrow (safe; 1% risk of failure)
Press: ? - help, Shift-Dir - straight line, f - slime creature, p - slime creature
Aim: a slime creature (paralysed, 100% to hit)
Okay, then.
The slime creature hits you! x2; The slime creature hits you.
You climb upwards.
Level annotation: 3 runed translucent doors, Discosetron's ghost, journeyman SpHu
There is a stone staircase leading down here.
Unknown command.
Casting: Stone Arrow (safe; 1% risk of failure)
Confirm with . or Enter, or press ? or * to list all spells.
Aiming: Stone Arrow (safe; 1% risk of failure)
Press: ? - help, Shift-Dir - straight line, f - slime creature
Aim: a slime creature (95% to hit)
The stone arrow hits the slime creature!!
The slime creature is moderately wounded.
Malevolent energies surge around you. The slime creature hits you!
The slime creature barely misses you. The slime creature hits you!
* * * LOW HITPOINT WARNING * * *
Unknown command.
The slime creature attacks as you move away!
The slime creature hits you.
* * * LOW HITPOINT WARNING * * *
The slime creature completely misses you.
Unknown command.
The slime creature attacks as you move away!
The slime creature hits you!
* * * LOW HITPOINT WARNING * * *
Unknown command.
As you read the scroll of teleportation, it crumbles to dust.
You feel strangely unstable. The slime creature hits you!!
You die...

#..##......##.........
##.#....#..##.........
###..#....#..#..........
#....##..##.............
###...#.............#...
##..................####
#....>..............###.
#.#...JJ................
#.#..#J@.......#........
##..###.......###.......
#.## ##...#............
### #..##....#......#
#....##.....∩....
##.......#......#
###.....###.#.....
#.................
#.................


You could see 3 slime creatures.

Vanquished Creatures
  Fannar (D:11)
  A boulder beetle (D:12)
  3 two-headed ogres
  A cyclops (D:10)
  An ugly thing (D:10)
  2 gargoyles (D:11)
  An unseen horror (D:11)
  A hornet (D:8)
  A troll (D:11)
  5 slime creatures (D:11)
  A wyvern (D:9)
  4 wraiths
  11 yaks
  6 vampire mosquitoes
  A steam dragon (D:8)
  2 wargs (D:8)
  2 acid dragons
  A water moccasin (D:6)
  3 orc warriors
  3 ice beasts
  2 sky beasts
  2 wolves (D:9)
  2 phantoms
  3 centaurs
  Blork the orc (D:4)
  3 kobold brigands
  A bullfrog (D:8)
  A necrophage (D:6)
  2 gnoll sergeants
  A scorpion (D:5)
  7 wights
  A killer bee (D:9)
  2 howler monkeys (D:5)
  4 hounds
  5 gnoll boudas
  6 orc priests
  2 iguanas
  4 orc wizards
  7 adders
  36 gnolls
  4 white imps
  2 ufetubi
  A worm (D:4)
  A dart slug (D:1)
  27 orcs
  8 bats
  3 endoplasms
  3 giant cockroaches
  9 goblins
  6 hobgoblins
  2 jackals (D:9)
  14 kobolds
  8 quokkas
  5 ball pythons
  2 frilled lizards
  3 rats (D:1)
241 creatures vanquished.

Vanquished Creatures (collateral kills)
  A kobold (D:9)
1 creature vanquished.

Vanquished Creatures (others)
  2 killer bees (D:9)
  3 plants
5 creatures vanquished.

Grand Total: 247 creatures vanquished

Notes
Turn   | Place    | Note
-------+----------+-------------------------------------------
     0 | D:1      | protoss039 the Demonspawn Earth Elementalist began the
                  | quest for the Orb.
     0 | D:1      | Reached XP level 1. HP: 13/13 MP: 3/3
   176 | D:1      | Found Fuozul's Antique Armour Shop.
   242 | D:1      | Found a faded altar of an unknown god.
   270 | D:1      | Gained mutation: Spells you cast may paralyse adjacent
                  | enemies. [demonic ancestry]
   270 | D:1      | Reached XP level 2. HP: 8/20 MP: 1/5
   464 | D:1      | Learned a level 2 spell: Passwall
   560 | D:1      | Reached skill level 1 in Fighting
   941 | D:1      | Gained mutation: Spells you cast may paralyse nearby
                  | enemies. [demonic ancestry]
   941 | D:1      | Reached XP level 3. HP: 26/26 MP: 4/6
  1526 | D:2      | Gained mutation: You regenerate magic rapidly. [demonic
                  | ancestry]
  1526 | D:2      | Reached XP level 4. HP: 33/33 MP: 6/8
  1935 | D:2      | Learned a level 3 spell: Stone Arrow
  2628 | D:4      | Noticed Blork the orc
  2644 | D:4      | Killed Blork the orc
  2645 | D:4      | Reached XP level 5. HP: 5/39 MP: 7/9
  2937 | D:4      | Found a staircase to the Ecumenical Temple.
  2946 | Temple   | Entered the Ecumenical Temple
  3281 | Temple   | Became a worshipper of Vehumet
  4624 | D:5      | Entered Level 5 of the Dungeon
  4626 | D:5      | Noticed a phantom
  4634 | D:5      | Killed a phantom
  4635 | D:5      | Reached XP level 6. HP: 44/47 MP: 7/11
  4679 | D:5      | Found a stormy altar of Qazlal.
  4679 | D:5      | Found a hazy altar of Hepliaklqana.
  4777 | D:5      | Reached * piety under Vehumet
  4777 | D:5      | Offered knowledge of Shock by Vehumet.
  4838 | D:5      | Gained mutation: When hurt, damage is shared between your
                  | health and your magic reserves. [demonic ancestry]
  4838 | D:5      | Reached XP level 7. HP: 45/54 MP: 9/13
  5091 | D:5      | Found Ajum's Armour Emporium.
  5189 | D:5      | Noticed a wraith
  5197 | D:5      | Reached skill level 5 in Earth Magic
  5213 | D:5      | Killed a wraith
  5214 | D:5      | Reached skill level 5 in Fighting
  5214 | D:5      | Reached skill level 5 in Spellcasting
  5373 | D:5      | Reached XP level 8. HP: 62/62 MP: 4/16
  5727 | D:6      | Reached skill level 1 in Conjurations
  5841 | D:6      | Identified the +5 whip "Ofeunach" {vorpal, rCorr Int+2}
  6108 | D:6      | Offered knowledge of Poisonous Vapours by Vehumet.
  6116 | D:6      | Reached ** piety under Vehumet
  6501 | D:7      | Identified the +7 hand axe of Plunder {antimagic, rElec}
  6585 | D:7      | Reached XP level 9. HP: 70/70 MP: 8/18
  7062 | D:8      | Reached skill level 5 in Conjurations
  7067 | D:8      | Offered knowledge of Inner Flame by Vehumet.
  7219 | D:8      | Gained mutation: When low on magic, you restore magic in
                  | place of health. [demonic ancestry]
  7219 | D:8      | Reached XP level 10. HP: 64/79 MP: 9/21
  7257 | D:8      | Learned a level 3 spell: Inner Flame
  7555 | D:8      | Found a staircase to the Lair.
  7565 | D:8      | Reached *** piety under Vehumet
  7690 | D:8      | Noticed a two-headed ogre
  7694 | D:8      | Killed a two-headed ogre
  7695 | D:8      | Reached skill level 1 in Armour
  7695 | D:8      | Reached skill level 1 in Shields
  7695 | D:8      | Reached skill level 1 in Fire Magic
  8005 | D:9      | Offered knowledge of Airstrike by Vehumet.
  8061 | D:9      | Noticed a two-headed ogre
  8068 | D:9      | Killed a two-headed ogre
  8366 | D:9      | Reached **** piety under Vehumet
  8408 | D:9      | You fall into a shaft and drop 1 floor!
  8408 | D:10     | Entered Level 10 of the Dungeon
  8617 | D:10     | Gained mutation: Your movements are slightly less
                  | encumbered by armour. (ER -2) [demonic ancestry]
  8617 | D:10     | Reached XP level 11. HP: 87/87 MP: 8/23
  8717 | D:10     | Offered knowledge of Fulminant Prism by Vehumet.
  9820 | D:11     | Found a runed translucent gate.
  9820 | D:11     | Found a runed translucent gate.
  9821 | D:11     | Found a runed translucent gate.
  9822 | D:11     | Noticed Discosetron's ghost (journeyman SpHu)
  9823 | D:11     | Identified the +11 chain mail "Xihugaog" {rElec}
  9843 | D:11     | Noticed a two-headed ogre
  9847 | D:11     | Killed a two-headed ogre
  9978 | D:11     | Noticed Fannar
  9987 | D:11     | Killed Fannar
  9988 | D:11     | Noticed a cyan ugly thing
  9999 | D:11     | HP: 4/89 [vampire mosquito (2)]
 10005 | D:11     | HP: 3/89 [vampire mosquito (3)]
 10008 | D:11     | HP: 1/89 [vampire mosquito (1)]
 10111 | D:10     | Killed a cyan ugly thing
 10217 | D:11     | Found Ucveoplieqa's Distillery.
 10225 | D:11     | Bought a potion of haste for 140 gold pieces
 10225 | D:11     | Bought a potion of brilliance for 56 gold pieces
 10225 | D:11     | Bought a potion of heal wounds for 70 gold pieces
 10225 | D:11     | Bought a potion of flight for 42 gold pieces
 10225 | D:11     | Bought a potion of mutation for 112 gold pieces
 10225 | D:11     | Bought a potion of might for 56 gold pieces
 10554 | D:12     | Noticed a boulder beetle
 10564 | D:12     | Killed a boulder beetle
 10565 | D:12     | Found a staircase to the Orcish Mines.
 10596 | D:11     | Slain by a slime creature

Illustrated notes

Levels and vault maps discovered:
D:1:      lightli_arrival_statue_moat, layout_rooms,
          shapermc_ecumenical_altar_acropolis, serial_shops,
          nicolae_diamond_shop, minmay_misc_feat_cross
D:2:      layout_loops_cross
D:3:      layout_loops_cross
D:4:      layout_basic, minmay_temple_entry_hall, uniq_blork_the_orc
D:5:      layout_cave_pools, mainiacjoe_overflow_divided_tiny, serial_shops,
          shop, minmay_divided_ellipse
D:6:      layout_layer_cave
D:7:      layout_basic
D:8:      layout_loops_corners, erik_lair_orcish_takeover
D:9:      layout_big_octagon, serial_gnoll_camp, gnoll_camp_mini_house,
          gnoll_camp_mini_basic, gnoll_camp_mini_doghouse, gnoll_camp_mini_shop
D:10:     layout_layer_cave
D:11:     layout_cave_pools, serial_shops, shop, biasface_ghost_orc_armoury,
          uniq_fannar
D:12:     layout_rooms, david_orc_2, gammafunk_ghost_icy
Temple:   mainiacjoe_temple_cubbyholes

Skill      XL: |  1  2  3  4  5  6  7  8  9 10 11 |
---------------+----------------------------------+-----
Fighting       | 1 2 3 4 5 6 7 8 9 |  9.2
Earth Magic    | 3 4 5 6 7 8 9 |  9.0
Spellcasting   | 3 4 5 6 7 8 |  8.8
Conjurations   | 3 5 6 7 |  7.3
Armour         | 2 3 |  3.0
Shields        | 2 4 |  4.4
Fire Magic     | 2 3 |  3.0
Dodging        | |  1.7
Stealth        | |  1.7
Transmutations | |  0.8

Action                   |  1- 3 |  4- 6 |  7- 9 | 10-12 || total
-------------------------+-------+-------+-------+-------++-------
Melee: Unarmed           |     1 |       |       |       ||     1
       Dagger            |     9 |    75 |     7 |       ||    91
       Short sword       |       |       |    69 |    47 ||   116
 Cast: Sandblast         |    44 |    70 |    75 |    43 ||   232
       Stone Arrow       |       |       |    53 |   140 ||   193
       Inner Flame       |       |       |       |     1 ||     1
Evoke: Wand              |       |       |       |     6 ||     6
  Use: Potion            |       |       |     2 |     5 ||     7
       Scroll            |       |       |     4 |     6 ||    10
 Stab: Sleeping          |     1 |     4 |       |       ||     5
       Paralysed         |       |    13 |    25 |    18 ||    56
Armor: Robe              |     4 |    11 |    24 |     1 ||    40
       Acid dragon scale |       |       |       |    38 ||    38
Dodge: Dodged            |    19 |    47 |    48 |    71 ||   185
Block: Buckler           |     2 |    11 |    13 |    28 ||    54
